 Dungeon Crawl Stone Soup version 0.27.1-34-g3ba077fa99 (webtiles) character file.

Game seed: 8548335805454446767

2052282 stux the Hoplite (level 27, 179/179 HPs)
             Began as a Gargoyle Fighter on Jan 15, 2022.
             Was an Initiate of Gozag.
             Escaped with the Orb
             ... and 3 runes on Jan 16, 2022!
             The game lasted 04:09:57 (49329 turns).

stux the Hoplite (Gargoyle Fighter)                Turns: 49329, Time: 04:09:57

Health: 179/179    AC: 55    Str: 35    XL:     27
Magic:  20/20      EV: 15    Int: 10    God:    Gozag
Gold:   513        SH: 38    Dex: 12    Spells: 26/26 levels left

rFire    + + .     SeeInvis +   s - +8 eveningstar (vorpal)
rCold    + . .     Faith    .   R - +10 tower shield of Ignorance {rN+ Int-4}
rNeg     + + +     Spirit   .   D - +10 plate armour {rF+}
rPois    ∞         Reflect  .   (no helmet)
rElec    +         Harm     .   m - +1 cloak of Day {rElec rN+++ Will+ Dex-2}
rCorr    .         Rampage  .   v - +0 pair of fencer's gloves {Riposte Dex+3}
Will     +++..                  (no boots)
Stlth    ..........             e - amulet of regeneration
HPRegen  1.39/turn              B - ring "Xeprem" {rF+ Str+4 Int+3 SInv Stlth+}
MPRegen  0.17/turn              Z - ring "Miogi" {rElec rC+ Slay+3}

@: flying, studying Crossbows
A: sickness immunity, AC +20, big wings, negative energy resistance 1,
electricity resistance, torment resistance 1, petrification resistance, thin
skeletal structure 1, low mp 1, sense surroundings 1
0: Orb of Zot
}: 3/15 runes: decaying, serpentine, silver
a: Renounce Religion, Potion Petition, Call Merchant, Bribe Branch


You escaped.
You worshipped Gozag.
Gozag was pleased with you.
You visited 9 branches of the dungeon, and saw 45 of its levels.
You also visited: Ossuary and Ice Cave.

You collected 27518 gold pieces.
You spent 10892 gold pieces at shops.
You paid 16113 gold pieces to Gozag.

Inventory:

Hand Weapons
 s - a +8 vorpal eveningstar (weapon)
Armour
 g - a +0 crystal plate armour
 m - the +1 cloak of Day (worn) {rElec rN+++ Will+ Dex-2}
   (You found it on level 3 of the Snake Pit)

   Dex:       It affects your dexterity (-2).
   rElec:     It insulates you from electricity.
   rN:        It renders you almost immune to negative energy.
   Will:      It increases your willpower.
 v - the +0 pair of fencer's gloves (worn) {Riposte Dex+3}
   (You acquired it on level 2 of the Snake Pit)

   It allows the wearer to riposte with any weapon, or to riposte more often
   with a long blade, swiftly retaliating against a missed attack.
   Dex:       It affects your dexterity (+3).
 D - a +10 plate armour of fire resistance (worn)
 E - a +2 helmet of intelligence
 R - the +10 tower shield of Ignorance (worn) {rN+ Int-4}
   (You found it on level 1 of the Swamp)

   Int:       It affects your intelligence (-4).
   rN:        It protects you from negative energy.
Jewellery
 e - an amulet of regeneration (around neck)
 p - a +4 ring of slaying
 q - a ring of willpower
 B - the ring "Xeprem" (left hand) {rF+ Str+4 Int+3 SInv Stlth+}
   (You acquired it on level 2 of the Snake Pit)

   [ring of see invisible]

   Str:       It affects your strength (+4).
   Int:       It affects your intelligence (+3).
   rF:        It protects you from fire.
   SInv:      It lets you see invisible.
   Stlth:     It makes you more stealthy.
 N - the ring "Deorif" {Will+ rCorr}
   (You found it on level 5 of the Vaults)

   [ring of resist corrosion]

   rCorr:     It protects you from acid and corrosion.
   Will:      It increases your willpower.
 O - a ring of protection from cold
 Y - a ring of willpower
 Z - the ring "Miogi" (right hand) {rElec rC+ Slay+3}
   (You bought it in a shop on level 2 of the Vaults)

   [ring of protection from cold]

   Slay:      It affects your accuracy & damage with ranged weapons and melee
   (+3).
   rC:        It protects you from cold.
   rElec:     It insulates you from electricity.
Wands
 a - a wand of acid (40)
 b - a wand of flame (95)
 d - a wand of paralysis (6)
 h - a wand of polymorph (10)
 o - a wand of digging (14)
 r - a wand of charming (35)
 z - a wand of iceblast (54)
 V - a wand of mindburst (60)
Scrolls
 j - 11 scrolls of teleportation
 k - 3 scrolls of holy word
 l - 2 scrolls of fog
 I - 5 scrolls of fear
 J - 7 scrolls of brand weapon
 T - 4 scrolls of enchant armour
Potions
 c - a potion of might
 f - 3 potions of brilliance
 i - 4 potions of ambrosia
 x - 2 potions of haste
 A - a potion of curing
 G - a potion of mutation
 K - a potion of berserk rage
 L - a potion of resistance
Miscellaneous
 n - a lightning rod (4/4)
 y - a phial of floods
 P - a condenser vane
 Q - a phantom mirror
 S - a piece from Xom's chessboard (15/15)
 W - a box of beasts


   Skills:
 + Level 20.1 Fighting
 + Level 24.2 Maces & Flails
 - Level 21.0 Armour
 - Level 15.8 Dodging
 - Level 25.0 Shields


You had 26 spell levels left.
You didn't know any spells.
Your spell library contained the following spells:

 Spells                   Type           Power      Damage    Failure   Level
 Animate Skeleton         Necr           0%         N/A       77%         1
 Foxfire                  Conj/Fire      0%         2x1d4     77%         1
 Freeze                   Ice            0%         1d3       77%         1
 Pain                     Necr           0%         1d4       77%         1
 Sandblast                Erth           0%         2d4       77%         1
 Ensorcelled Hibernation  Hex/Ice        0%         N/A       88%         2
 Passwall                 Tmut/Erth      0%         N/A       88%         2
 Slow                     Hex            0%         N/A       88%         2
 Static Discharge         Conj/Air       0%         N/A       88%         2
 Confusing Touch          Hex            0%         N/A       98%         3
 Dazzling Flash           Conj/Hex       0%         N/A       98%         3
 Frozen Ramparts          Ice            0%         1d2       98%         3
 Ignite Poison            Fire/Tmut/Pois 0%         N/A       98%         3
 Inner Flame              Hex/Fire       0%         N/A       98%         3
 Mephitic Cloud           Conj/Pois/Air  0%         N/A       98%         3
 Ozocubu's Armour         Ice            0%         N/A       98%         3
 Stone Arrow              Conj/Erth      0%         3d7       98%         3
 Swiftness                Air            0%         N/A       98%         3
 Vampiric Draining        Necr           0%         2d6       98%         3
 Animate Armour           Summ/Erth      0%         N/A       100%        4
 Animate Dead             Necr           0%         N/A       100%        4
 Hailstorm                Conj/Ice       0%         3d3       100%        4
 Iskenderun's Mystic Bla  Conj/Tloc      0%         2d3       100%        4
 Passage of Golubria      Tloc           N/A        N/A       100%        4
 Petrify                  Tmut/Erth      0%         N/A       100%        4
 Summon Ice Beast         Ice/Summ       0%         N/A       100%        4
 Blade Hands              Tmut           0%         N/A       100%        5
 Bolt of Magma            Conj/Fire/Erth 0%         4d4       100%        5
 Borgnjor's Vile Clutch   Necr/Erth      0%         N/A       100%        5
 Fireball                 Conj/Fire      0%         3d3       100%        5
 Irradiate                Conj/Tmut      0%         3d13      100%        5
 Lee's Rapid Deconstruct  Erth           0%         3d5*      100%        5
 Metabolic Englaciation   Hex/Ice        0%         N/A       100%        5
 Silence                  Hex/Air        0%         N/A       100%        5
 Summon Forest            Summ/Tloc      0%         N/A       100%        5
 Summon Mana Viper        Hex/Summ       0%         N/A       100%        5
 Yara's Violent Unravell  Hex/Tmut       0%         3d3       100%        5
 Death Channel            Necr           0%         N/A       100%        6
 Eringya's Noxious Bog    Tmut/Pois      0%         N/A       100%        6
 Invisibility             Hex            0%         N/A       100%        6
 Starburst                Conj/Fire      0%         6d3       100%        6
 Dragon Form              Tmut           0%         N/A       100%        7
 Monstrous Menagerie      Summ           0%         N/A       100%        7
 Ozocubu's Refrigeration  Ice            0%         4d5       100%        7
 Summon Hydra             Summ           0%         N/A       100%        7
 Ignition                 Fire           0%         3d3       100%        8
 Lehudib's Crystal Spear  Conj/Erth      0%         10d2      100%        8
 Sublimation of Blood     Necr           Unusable   N/A       N/A         2
 Statue Form              Tmut/Erth      Unusable   N/A       N/A         6

Dungeon Overview and Level Annotations

Branches:
Dungeon (15/15)            Temple (1/1) D:4            Lair (4/6) D:10
  Swamp (4/4) Lair:2        Snake (4/4) Lair:4          Orc (2/2) D:11
    Elf (0/3) Orc:2        Vaults (5/5) D:13          Crypt (0/3) Vaults:2
 Depths (5/5) D:15            Zot (5/5) Depths:5    Ossuary (visited)
  IceCv (visited)

Altars:
Ashenzari
Cheibriados
Dithmenos
Elyvilon
Fedhas
Gozag
Hepliaklqana
Kikubaaqudgha
Makhleb
Nemelex Xobeh
Okawaru
Qazlal
Ru
Sif Muna
Trog
Uskayaw
Vehumet
Wu Jian
Xom
Yredelemnul
Zin
The Shining One
Beogh

Shops:
D:8 [   D:11 (   Orc:1 [   Orc:2 [*(=(   Lair:4 *   Snake:1 *   Snake:2 ?:==
Snake:3 ?   Vaults:2 =   Vaults:3 (   Vaults:4 *(   Vaults:5 ???
Depths:3 ??[**   Depths:4 (   Depths:5 (

Portals:
Hell: Depths:1 Depths:2 Depths:3 Depths:4 Depths:5
Abyss: Depths:1 Depths:4 Depths:5
Pandemonium: Depths:2 Depths:3 Depths:5
Ziggurat: Depths:4


Innate Abilities, Weirdness & Mutations

You are immune to sickness and miasma.
Your stone body is resilient. (AC +20)
You are immune to poison.
Your large and strong wings let you fly.
You resist negative energy. (rN+)
You are resistant to electric shocks. (rElec)
You are resistant to unholy torment.
You are immune to petrification.
You have a somewhat thin skeletal structure. (Dex +2, Stealth+)
Your magical capacity is low. (-10% MP)
You passively map a small area around you.


Message History

There is a stone staircase leading down here.
There is a stone staircase leading up here.
You fly upwards.
There is a stone staircase leading down here.
There is a stone staircase leading up here.
You fly upwards.
There is a stone staircase leading down here.
Aiming: Dig
Press: ? - help, Shift-Dir - straight line A rock wall.
This square is covered in magical glow.
The rock shatters into small pieces.
There is a stone staircase leading up here.
You fly upwards.
There is a stone staircase leading down here.
There is a stone staircase leading up here.
You fly upwards.
There is a stone staircase leading down here.
Aiming: Dig
Press: ? - help, Shift-Dir - straight line A rock wall.
This square is covered in magical glow.
The rock shatters into small pieces.
There is a stone staircase leading up here.
You fly upwards.
There is a stone staircase leading down here.
An orange demon comes into view.
A cacodemon comes into view.
The cacodemon shouts!
The orange demon screeches!
There is a stone staircase leading up here.
You fly upwards.
There is a stone staircase leading down here.
A cherub comes into view.
It is wielding a +2 long sword of flaming.
There is an open gate here.
There is a staircase leading out of the dungeon here.
A cherub is nearby!
The cherub unwields a +2 long sword of flaming.
It stops flaming.
The cherub wields a +0 shortbow.
The cherub shoots an arrow.
You block the arrow.
You have escaped!

................⌠...........(.(..
............................†....
..............................###
..........#####...#####......[#G#
..........#...#####...#.......###
##........#.8.......8.#..........
##........#...........#..........
.#........###.......###..#.######
............#...@...#....#>#
##..........#.......#....#.#
##..........#.......#....#.#
#..........#.......#....#.#
#..........#.......#....#.#
#####.##....###...###....#.#
......##......#'''#......#.#
#.......A.....A..........#.#
#............♣.....♣.....#.#


You could see a cherub.

Vanquished Creatures
  2 ancient liches (Zot:5)
  A dread lich (Zot:5)
  An orb of fire (Zot:5)
  2 juggernauts
  4 Killer Klowns
  Xtahua (Depths:4)
  4 curse toes
  Saint Roka (Orc:1)
  Vashnia (Snake:4)
  12 golden dragons
  Jory (Depths:4)
  2 electric golems
  2 hellephants (Depths:5)
  16 tentacled monstrosities
  22 Orb Guardians
  3 liches
  The ghost of Kudush Veih the Gelid, an adept DEAE of Vehumet (Vaults:4)
  2 titans
  9 quicksilver dragons
  Gastronok (D:8)
  4 sphinxes
  7 thorn hunters
  5 death cobs
  Frances (Swamp:2)
  8 shadow dragons
  2 tengu reavers
  19 storm dragons
  4 draconian monks
  3 nagarajas
  2 iron dragons (Depths:4)
  9 fire giants
  8 frost giants
  A deep elf sorcerer (Depths:3)
  A ghost moth (Zot:5)
  11 vault wardens
  6 draconian knights
  12 draconian scorchers
  The ghost of Arum the Devastator, a journeyman DsFE of Vehumet (Swamp:1)
  4 spectral caustic shrikes (Depths:1)
  5 draconian annihilators
  2 orc warlords (Vaults:2)
  10 ironbound preservers
  6 draconian stormcallers
  7 draconian shifters
  3 spriggan defenders
  2 ghouls (Swamp:3)
  2 reapers
  2 war gargoyles (Vaults:3)
  10 stone giants
  13 green draconians
  30 very ugly things
  6 vampire knights
  7 red draconians
  The ghost of Yxzaajys the Hazy, a journeyman DrFi of Hepliaklqana (Lair:4)
  2 entropy weavers (Vaults:2)
  Azrael (Snake:1)
  14 black draconians
  4 bunyips
  17 white draconians
  14 purple draconians
  4 dire elephants
  10 spark wasps
  7 yellow draconians
  6 eleionomae
  A spark wasp (shapeshifter) (Depths:1)
  A crystal guardian (Vaults:4)
  3 jiangshi (Depths:3)
  12 ettins
  9 fire dragons
  7 great orbs of eyes
  11 ironbound thunderhulks
  A deep elf high priest (Vaults:2)
  3 rakshasas
  2 peacekeepers
  13 yaktaur captains
  A shambling mangrove (Swamp:4)
  7 vault guards
  4 boulder beetles
  21 hydras
  18 naga warriors
  2 spriggan air magi
  An ogre mage (D:11)
  2 salamander tyrants
  Fannar (D:11)
  8 ice dragons
  5 ghost crabs
  A catoblepas (Lair:3)
  6 centaur warriors
  12 ironbound frosthearts
  16 anacondas
  4 two-headed ogres
  6 hell hogs
  A death knight (D:12)
  11 deep troll earth magi
  11 deep troll shamans
  6 tengu warriors
  2 vampire magi
  11 alligators
  2 ironbound beastmasters
  A hell knight (Depths:4)
  5 spriggan berserkers
  Sonja (D:12)
  A soul eater (Depths:2)
  9 naga sharpshooters
  12 shock serpents
  2 orc high priests
  3 salamander mystics
  A fire crab (shapeshifter) (Depths:3)
  A sixfirhy (Zot:4)
  10 iron trolls
  A titan skeleton (Depths:1)
  A goliath frog (Swamp:4)
  5 skeletal warriors (D:14)
  3 flayed ghosts
  A glowing orange brain (Depths:3)
  A sphinx zombie (Depths:1)
  A glowing orange brain (shapeshifter) (Vaults:4)
  An obsidian statue (Vaults:4)
  A shadow demon (Zot:5)
  10 orc knights
  5 naga ritualists
  7 spriggan druids
  48 deep trolls
  3 phantasmal warriors
  A shadow dragon zombie (Depths:4)
  15 ironbound convokers
  6 bog bodies
  15 wizards
  4 deep elf pyromancers
  4 swamp dragons
  2 spectral hydras (Swamp:4)
  Pikel (D:3)
  6 harpies (Vaults:1)
  60 ugly things
  2 lindwurms (D:11)
  6 oklob plants
  A golden dragon skeleton (Depths:4)
  5 orc sorcerers
  16 mana vipers
  3 necromancers
  2 will-o-the-wisps
  7 manticores
  26 moths of wrath
  10 guardian serpents
  18 elephants (Lair:3)
  11 salamanders
  A fire giant skeleton (Depths:4)
  43 black mambas
  2 ice statues (IceCv)
  A guardian serpent (shapeshifter) (D:13)
  14 vault sentinels
  A torpor snail (Lair:2)
  A rust devil (Zot:2)
  13 naga magi
  Joseph (D:8)
  A smoke demon (Depths:2)
  4 unseen horrors
  An unseen horror (shapeshifter) (D:14)
  2 rime drakes
  5 komodo dragons
  A kobold demonologist (Depths:1)
  4 cane toads
  2 tengu conjurers
  2 demonic crawlers (D:11)
  42 yaktaurs
  A freezing wraith (Swamp:4)
  A rime drake (shapeshifter) (D:15)
  3 anaconda simulacra (IceCv)
  An efreet (D:14)
  An entropy weaver simulacrum (IceCv)
  7 ice devils (IceCv)
  A bloated husk (Swamp:2)
  A jumping spider (shapeshifter) (D:13)
  7 trolls
  14 tyrant leeches
  A queen bee (shapeshifter) (D:13)
  A troll (shapeshifter) (D:15)
  A hydra zombie (Swamp:4)
  A death drake zombie (Swamp:4)
  Prince Ribbit (D:8)
  A queen bee (D:11)
  Grinder (D:4)
  A death drake skeleton (Swamp:4)
  13 blink frogs
  12 hornets
  4 hydra skeletons (Swamp:4)
  26 slime creatures
  An ice dragon zombie (Depths:1)
  A meliai zombie (D:11)
  Sigmund (D:4)
  A centaur simulacrum (D:15)
  A redback (Vaults:2)
  5 vampires
  2 shadows
  2 tarantellas (Vaults:2)
  A wraith (D:10)
  2 dire elephant simulacra (IceCv)
  13 spriggans
  6 water elementals (Depths:2)
  29 yaks
  7 basilisks
  3 fire bats
  Grum (D:8)
  2 wyverns
  5 hogs (Swamp:2)
  A fire elemental (Snake:1)
  3 steam dragons
  13 vampire mosquitoes
  2 elf skeletons (Depths:4)
  4 wargs
  4 harpy simulacra (IceCv)
  36 nagas
  19 swamp worms
  2 acid dragons
  4 hydra simulacra (Swamp:4)
  7 water moccasins
  6 hell hounds
  A meliai simulacrum (D:14)
  2 floating eyes (Depths:4)
  6 swamp drakes
  3 sky beasts (D:8)
  2 black bears
  20 orc warriors
  2 ice beasts
  11 wolves
  5 necrophages
  3 ogres
  2 lemures
  7 centaurs
  4 kobold brigands
  15 bullfrogs
  3 gnoll sergeants
  8 scorpions
  A scorpion (shapeshifter) (D:13)
  A cane toad simulacrum (IceCv)
  A water moccasin zombie (D:5)
  A water moccasin skeleton (D:4)
  37 killer bees
  9 wights
  An elephant simulacrum (IceCv)
  2 vampire bats (D:11)
  3 howler monkeys
  4 electric eels
  4 centaur zombies
  A crimson imp (D:15)
  3 jellies
  16 orc priests
  3 centaur skeletons
  4 hounds (D:11)
  2 human zombies (Ossuary)
  Crazy Yiuf (D:3)
  A gnoll shaman (D:8)
  7 iguanas
  Natasha (thrice) (D:3)
  19 orc wizards
  A spriggan simulacrum (IceCv)
  A killer bee zombie (D:6)
  4 mummies (Ossuary)
  3 howler monkey zombies
  Robin (D:3)
  9 adders
  15 gnolls
  2 naga simulacra (IceCv)
  A shadow imp (D:7)
  4 white imps
  2 ufetubi (Vaults:2)
  10 worms
  A dart slug (D:5)
  54 orcs
  7 ball pythons
  8 endoplasms
  10 giant cockroaches
  A gnoll zombie (Ossuary)
  16 goblins
  10 hobgoblins
  6 jackals (D:11)
  13 kobolds
  3 quokkas
  11 bats
  2 frilled lizards (D:1)
  2 kobold zombies (Ossuary)
  2 orc zombies (Ossuary)
  5 rats
  5 briar patches (Swamp:2)
1810 creatures vanquished.

Vanquished Creatures (collateral kills)
  An orb of fire (Zot:5)
  2 ancient liches
  2 golden dragons
  A lich (Zot:5)
  A tentacled monstrosity (Vaults:5)
  2 Orb Guardians (Zot:5)
  A quicksilver dragon (Vaults:5)
  Kirke (Swamp:2)
  3 shadow dragons
  A fire giant (Vaults:5)
  4 vault wardens
  A draconian stormcaller (Zot:5)
  A war gargoyle (Vaults:4)
  2 ironbound preservers (Vaults:5)
  A green draconian (Zot:5)
  A bunyip (shapeshifter) (Vaults:5)
  A white draconian (Zot:5)
  2 ettins (Vaults:5)
  A crystal guardian (Vaults:4)
  2 yaktaur captains (Vaults:5)
  3 vault guards (Vaults:5)
  An ogre mage (Vaults:5)
  A peacekeeper (Vaults:4)
  A necromancer (Vaults:5)
  A phantasmal warrior (Vaults:5)
  An ironbound convoker (Vaults:5)
  An orc sorcerer (Vaults:5)
  2 vault sentinels (Vaults:5)
  2 moths of wrath (Zot:5)
  A hellion (Zot:5)
  A snapping turtle (shapeshifter) (Vaults:5)
  A basilisk (shapeshifter) (Vaults:5)
  A swamp worm (Swamp:2)
  2 wargs (Vaults:5)
  An orc (Vaults:5)
51 creatures vanquished.

Vanquished Creatures (others)
  A dread lich (Zot:5)
  2 orbs of fire (Zot:5)
  3 ancient liches (Zot:5)
  An electric golem (Zot:5)
  3 tentacled monstrosities
  A lich (Depths:4)
  3 titans (Vaults:5)
  2 Orb Guardians (Zot:5)
  A sphinx (Vaults:5)
  2 storm dragons (Vaults:5)
  2 shadow dragons (Vaults:5)
  2 fire giants (Vaults:5)
  A tengu reaver (Vaults:5)
  A frost giant (Vaults:5)
  A draconian knight (Zot:2)
  5 vault wardens (Vaults:5)
  An ironbound preserver (Vaults:5)
  3 stone giants (Vaults:5)
  A deep elf demonologist (Vaults:5)
  A yellow draconian (Zot:5)
  2 ettins (Vaults:5)
  A deep elf high priest (Vaults:5)
  18 vault guards (Vaults:5)
  An ironbound frostheart (Vaults:5)
  An alligator (shapeshifter) (Vaults:5)
  A dancing weapon (Lair:4)
  3 hell hogs (Depths:5)
  4 orc knights (Vaults:5)
  2 phantasmal warriors (Vaults:5)
  2 ironbound convokers (Vaults:5)
  A vault sentinel (Vaults:5)
  A wizard (Vaults:2)
  2 yaktaurs (Vaults:5)
  A bloated husk (Swamp:4)
  A fire bat (Depths:2)
  A warg (Vaults:5)
  6 orc warriors
  A human (D:6)
  An orc priest (Orc:2)
  4 orcs (Vaults:5)
  7 briar patches
  8 foxfires
  88 fungi
  121 plants
315 creatures vanquished.

Grand Total: 2176 creatures vanquished

Notes
Turn   | Place    | Note
-------+----------+-------------------------------------------
     0 | D:1      | stux the Gargoyle Fighter began the quest for the Orb.
     0 | D:1      | Reached XP level 1. HP: 14/14 MP: 1/1
   131 | D:1      | Found a faded altar of an unknown god.
   147 | D:1      | Noticed a great orb of eyes
   159 | D:1      | Noticed an eye of devastation
   159 | D:1      | Noticed a floating eye
   159 | D:1      | Noticed a floating eye
   233 | D:1      | Reached XP level 2. HP: 19/19 MP: 2/2
   455 | D:1      | Reached XP level 3. HP: 23/23 MP: 3/3
   739 | D:2      | Found a stormy altar of Qazlal.
  1400 | D:3      | Found a runed translucent door.
  1401 | D:3      | Noticed Crazy Yiuf
  1489 | D:3      | Reached XP level 4. HP: 28/28 MP: 4/4
  1582 | D:3      | Found a stormy altar of Qazlal.
  1811 | D:3      | Noticed Robin
  1887 | D:3      | Killed Robin
  2129 | D:3      | Reached skill level 5 in Maces & Flails
  2129 | D:3      | Reached XP level 5. HP: 32/32 MP: 5/5
  2310 | D:3      | Killed Crazy Yiuf
  2462 | D:4      | Noticed Natasha
  2477 | D:3      | Killed Natasha
  2483 | D:3      | Noticed Natasha
  2496 | D:3      | Killed Natasha
  2643 | D:3      | Noticed Natasha
  2661 | D:3      | Killed Natasha
  2662 | D:3      | Reached XP level 6. HP: 37/37 MP: 6/6
  2711 | D:4      | Noticed Pikel
  2774 | D:4      | Noticed Sigmund
  2794 | D:4      | Killed Sigmund
  2809 | D:4      | Found a staircase to the Ecumenical Temple.
  2818 | Temple   | Entered the Ecumenical Temple
  2883 | Temple   | Became a worshipper of Gozag Ym Sagoz the Greedy
  2946 | D:4      | Noticed Grinder
  2986 | D:3      | Killed Pikel
  2987 | D:3      | Reached XP level 7. HP: 41/41 MP: 7/7
  2987 | D:3      | Reached XP level 8. HP: 46/46 MP: 8/8
  3011 | D:4      | Killed Grinder
  3181 | D:4      | Gained mutation: Armour fits poorly on your strangely
                  | shaped body. [potion of mutation]
  3583 | D:4      | Identified a scroll of acquirement
  3583 | D:4      | Acquired a +2 vorpal eveningstar
  3730 | D:4      | Found a white marble altar of Elyvilon.
  3887 | D:5      | Entered Level 5 of the Dungeon
  3937 | D:5      | Reached skill level 10 in Maces & Flails
  4334 | D:5      | Reached XP level 9. HP: 44/51 MP: 9/9
  5041 | D:6      | Found an ancient bone altar of Kikubaaqudgha.
  5065 | D:6      | Noticed a manticore
  5073 | D:6      | Killed a manticore
  5415 | D:7      | Noticed a deep elf pyromancer
  5432 | D:6      | Killed a deep elf pyromancer
  5433 | D:6      | Reached XP level 10. HP: 41/56 MP: 10/10
  5663 | D:7      | Found a shimmering blue altar of Sif Muna.
  5764 | D:7      | Lost mutation: Armour fits poorly on your strangely shaped
                  | body. [potion of mutation]
  5764 | D:7      | Gained mutation: You have sharp toenails. [potion of
                  | mutation]
  5764 | D:7      | Gained mutation: Your body sometimes deteriorates upon
                  | taking damage. [potion of mutation]
  6281 | D:8      | Noticed Grum
  6281 | D:8      | Noticed Prince Ribbit
  6302 | D:8      | Killed Grum
  6312 | D:8      | Killed Prince Ribbit
  6531 | D:8      | Found a sand-covered staircase.
  6536 | Ossuary  | Entered an ossuary
  6657 | Ossuary  | Reached skill level 15 in Maces & Flails
  6864 | D:8      | Acquired 946 gold pieces
  6867 | D:8      | Noticed Gastronok
  6888 | D:8      | Killed Gastronok
  6889 | D:8      | Reached XP level 11. HP: 49/60 MP: 11/11
  6964 | D:8      | Noticed Joseph
  6984 | D:8      | Killed Joseph
  7019 | D:8      | Found a broken altar of Ashenzari.
  7228 | D:8      | Bought a runed plate armour for 832 gold pieces
  7228 | D:8      | Bought a glowing helmet for 240 gold pieces
  7228 | D:8      | Bought a glowing cloak for 240 gold pieces
  7600 | D:9      | Found a hazy altar of Hepliaklqana.
  7601 | D:9      | Found a glowing silver altar of Zin.
  7673 | D:9      | Reached skill level 5 in Fighting
  7871 | D:10     | Entered Level 10 of the Dungeon
  7919 | D:10     | Noticed a two-headed ogre
  7926 | D:10     | Killed a two-headed ogre
  8052 | D:10     | Found a staircase to the Lair.
  8411 | D:10     | Noticed a six-headed hydra
  8418 | D:10     | Killed a six-headed hydra
  8438 | D:10     | Reached skill level 10 in Fighting
  8438 | D:10     | Reached XP level 12. HP: 68/77 MP: 12/12
  8478 | D:10     | Noticed a two-headed ogre
  8486 | D:10     | Killed a two-headed ogre
  8540 | D:10     | Reached skill level 5 in Armour
  8660 | D:10     | Identified the +9 mace of the Abyss {venom, Str+3}
  8730 | D:10     | Noticed an eight-headed hydra
  8737 | D:10     | Killed an eight-headed hydra
  8916 | D:10     | Found a hide-covered altar of Uskayaw.
  9085 | D:11     | Found Iteyjo's Weapon Shoppe.
  9520 | D:11     | Noticed a boulder beetle
  9545 | D:11     | Found a staircase to the Orcish Mines.
  9547 | D:11     | Killed a boulder beetle
  9548 | D:11     | Reached skill level 10 in Armour
  9765 | D:11     | Noticed a two-headed ogre
  9776 | D:11     | Killed a two-headed ogre
  9776 | D:11     | Noticed a five-headed hydra
  9785 | D:11     | Killed a five-headed hydra
  9786 | D:11     | Reached XP level 13. HP: 74/82 MP: 13/13
 10316 | D:11     | Noticed Fannar
 10322 | D:11     | Killed Fannar
 10795 | Lair:1   | Entered Level 1 of the Lair of Beasts
 11365 | Lair:2   | Reached skill level 15 in Armour
 11894 | Lair:2   | Found a staircase to the Swamp.
 12113 | Lair:3   | Gained mutation: Your large and strong wings let you fly.
                  | [Gargoyle growth]
 12113 | Lair:3   | Reached XP level 14. HP: 86/88 MP: 14/14
 12740 | Lair:3   | Noticed a dire elephant
 12749 | Lair:3   | Killed a dire elephant
 13352 | Lair:4   | Lost mutation: Your body sometimes deteriorates upon taking
                  | damage. [potion of mutation]
 13352 | Lair:4   | Gained mutation: Your spells are a little harder to cast,
                  | but a little more powerful. [potion of mutation]
 13352 | Lair:4   | Gained mutation: Your muscles are strong. (Str +2) [potion
                  | of mutation]
 13483 | Lair:4   | Found a staircase to the Snake Pit.
 13500 | Lair:4   | Found a runed translucent door.
 13663 | Lair:4   | Found a shimmering altar of Xom.
 13663 | Lair:4   | Noticed Yxzaajys's ghost (journeyman DrFi)
 13688 | Lair:4   | Killed Yxzaajys's ghost
 14637 | D:12     | Noticed Sonja
 14675 | D:12     | Killed Sonja
 15053 | D:12     | Found a frozen archway.
 15067 | IceCv    | Entered an ice cave
 15373 | IceCv    | Noticed a reaper
 15382 | IceCv    | Killed a reaper
 15428 | IceCv    | Reached XP level 15. HP: 92/92 MP: 15/15
 15980 | D:12     | Reached skill level 4 in Shields
 16095 | D:13     | Reached skill level 5 in Shields
 16127 | D:13     | Reached skill level 6 in Shields
 16176 | D:13     | Found a gate to the Vaults.
 16242 | D:13     | Identified the +4 scale mail "Peezum" {rPois Will+ rCorr}
 16665 | D:14     | Reached skill level 7 in Shields
 16799 | D:14     | Reached skill level 8 in Shields
 17447 | D:15     | Entered Level 15 of the Dungeon
 17454 | D:15     | Reached skill level 9 in Shields
 17709 | D:15     | Reached skill level 10 in Shields
 18128 | D:15     | Reached skill level 11 in Shields
 18260 | D:15     | Identified the +2 scale mail of the Doldrums {Harm Regen+
                  | rCorr}
 18445 | D:15     | Found a staircase to the Depths.
 18702 | Snake:1  | Entered Level 1 of the Snake Pit
 18708 | Lair:4   | Bought glowing pearl dragon scales for 3267 gold pieces
 18747 | Snake:1  | Found Modgho's Overcharged Wands.
 18836 | Snake:1  | Noticed Azrael
 18846 | Snake:1  | Killed Azrael
 18847 | Snake:1  | Reached skill level 12 in Shields
 18877 | Snake:1  | You are sucked into a shaft and drop 1 floor!
 18936 | Snake:2  | Reached XP level 16. HP: 79/97 MP: 16/16
 19044 | Snake:2  | Reached skill level 13 in Shields
 19270 | Snake:2  | Found Dotid's Book Shoppe.
 19270 | Snake:2  | Found Xokukall's Jewellery Shop.
 19271 | Snake:2  | Found Huiqygh's Jewellery Shop.
 19284 | Snake:2  | Bought a ring of protection from cold for 350 gold pieces
 19284 | Snake:2  | Bought a ring of willpower for 350 gold pieces
 19520 | Snake:2  | Noticed a nagaraja
 19525 | Snake:2  | Killed a nagaraja
 19530 | Snake:2  | Reached skill level 14 in Shields
 19655 | Snake:2  | Found Unusural's Magic Scroll Boutique.
 19666 | Snake:2  | Bought a scroll of acquirement for 676 gold pieces
 19704 | Snake:2  | Acquired the ring "Xeprem" {rF+ Str+4 Int+3 SInv Stlth+}
 19708 | Snake:2  | Acquired the +0 pair of fencer's gloves {Riposte Dex+3}
 19708 | Snake:2  | Found the +0 pair of fencer's gloves {Riposte Dex+3}
 20134 | Snake:3  | Found Lusiotz's Magic Scroll Shop.
 20143 | Snake:3  | Bought a scroll of enchant armour for 90 gold pieces
 20143 | Snake:3  | Bought a scroll of enchant armour for 90 gold pieces
 20167 | Snake:3  | Identified the +1 cloak of Day {rElec rN+++ Will+ Dex-2}
 20221 | Snake:3  | Reached skill level 15 in Shields
 20751 | Snake:3  | Acquired 701 gold pieces
 20793 | Snake:4  | Entered Level 4 of the Snake Pit
 20813 | Snake:4  | Reached skill level 16 in Shields
 20986 | Snake:4  | Reached XP level 17. HP: 102/102 MP: 17/17
 21155 | Snake:4  | Found a runed translucent gate.
 21155 | Snake:4  | Found a runed translucent gate.
 21155 | Snake:4  | Found a runed translucent gate.
 21409 | Snake:4  | Reached skill level 17 in Shields
 21773 | Snake:4  | Noticed Vashnia
 21854 | Snake:4  | Reached skill level 18 in Shields
 22016 | Snake:4  | Killed Vashnia
 22125 | Snake:4  | Got a serpentine rune of Zot
 22298 | Snake:4  | Reached skill level 19 in Shields
 22771 | Snake:1  | Found a sacrificial altar of Ru.
 22986 | Swamp:1  | Entered Level 1 of the Swamp
 23027 | Swamp:1  | Reached XP level 18. HP: 101/107 MP: 18/18
 23274 | Swamp:1  | Reached skill level 20 in Shields
 23320 | Swamp:1  | Found the +10 tower shield of Ignorance {rN+ Int-4}
 23430 | Swamp:1  | Found a runed translucent gate.
 23430 | Swamp:1  | Found a runed translucent gate.
 23430 | Swamp:1  | Found a runed translucent gate.
 23430 | Swamp:1  | Noticed Arum's ghost (journeyman DsFE)
 23650 | Swamp:1  | Killed Arum's ghost
 23766 | Swamp:2  | Noticed Kirke
 23789 | Swamp:2  | Killed Kirke
 24142 | Swamp:2  | Noticed Frances
 24269 | Swamp:2  | Killed Frances
 24270 | Swamp:2  | Reached skill level 21 in Shields
 25033 | Swamp:3  | Identified the +0 pair of gloves of Perpetual Drought
                  | {rPois}
 25333 | Swamp:4  | Entered Level 4 of the Swamp
 25497 | Swamp:4  | Reached skill level 22 in Shields
 25637 | Swamp:4  | Reached XP level 19. HP: 112/112 MP: 19/19
 25677 | Swamp:4  | Paralysed by a vampire knight for 3 turns
 25881 | Swamp:4  | Got the Guide on the Rocks and Bewitchment
 26306 | Swamp:4  | Found a basalt altar of Yredelemnul.
 26319 | Swamp:4  | Got a decaying rune of Zot
 26341 | Swamp:4  | Found a blossoming altar of Fedhas.
 26616 | Swamp:4  | Reached skill level 23 in Shields
 26897 | Orc:1    | Entered Level 1 of the Orcish Mines
 27010 | Orc:1    | Gained mutation: You are clumsy. (Dex -2) [a neqoxec]
 27095 | Orc:1    | Found Zusowurgh's Antique Armour Emporium.
 27212 | Orc:2    | Entered Level 2 of the Orcish Mines
 27246 | Orc:2    | Found Syriteadd's Antique Weapon Emporium.
 27280 | Orc:2    | Found a staircase to the Elven Halls.
 27410 | Orc:2    | Noticed Saint Roka
 27488 | Orc:1    | Killed Saint Roka
 27629 | Orc:2    | Found Yqeek's Antique Armour Shoppe.
 27635 | Orc:2    | Found Haripleck's General Store.
 27647 | Orc:2    | Found Curotyt's Antique Weapon Shoppe.
 27657 | Orc:2    | Found Ygehil's Jewellery Shoppe.
 27804 | Orc:2    | Bought a shiny helmet for 232 gold pieces
 27820 | Orc:2    | Bought 2 potions of heal wounds for 100 gold pieces
 27820 | Orc:2    | Bought 2 potions of resistance for 200 gold pieces
 27932 | Vaults:1 | Entered Level 1 of the Vaults
 28315 | Vaults:1 | Reached skill level 24 in Shields
 28690 | Vaults:1 | You are sucked into a shaft and drop 1 floor!
 28767 | Vaults:2 | Reached XP level 20. HP: 111/117 MP: 20/20
 28879 | Vaults:2 | Found a staircase to the Crypt.
 29190 | Vaults:2 | Reached skill level 25 in Shields
 30536 | Vaults:2 | Found Qigegum's Jewellery Shoppe.
 30541 | Vaults:2 | Bought the ring "Miogi" {rElec rC+ Slay+3} for 1186 gold
                  | pieces
 31249 | Vaults:3 | Reached XP level 21. HP: 132/132 MP: 21/21
 31541 | Vaults:3 | Reached skill level 15 in Fighting
 31624 | Vaults:3 | Found Vioceh's Weapon Shoppe.
 32542 | Vaults:4 | Noticed a golden dragon
 32726 | Vaults:4 | Found Veffar's Weapon Emporium.
 33230 | Vaults:4 | Found a runed translucent gate.
 33230 | Vaults:4 | Found a runed translucent gate.
 33230 | Vaults:4 | Found a runed translucent gate.
 33231 | Vaults:4 | Found an opulent altar of Gozag.
 33324 | Vaults:4 | Noticed Kudush Veih's ghost (adept DEAE)
 33328 | Vaults:4 | Found Nosa's Assorted Antiques.
 33716 | Vaults:4 | Killed Kudush Veih's ghost
 34044 | Depths:1 | Entered Level 1 of the Depths
 34081 | Depths:1 | Found a gateway to Hell.
 34112 | Depths:1 | Reached XP level 22. HP: 148/148 MP: 22/22
 34221 | Depths:1 | Found a blossoming altar of Fedhas.
 34720 | Depths:1 | Found a one-way gate to the infinite horrors of the Abyss.
 35183 | Depths:2 | Found a one-way gate leading to the halls of Pandemonium.
 35530 | Depths:2 | Noticed a juggernaut
 35558 | Depths:2 | Killed a juggernaut
 35586 | Depths:2 | Identified the +0 leather armour of Elyvilon's Displeasure
                  | {rF+ Dex-4 Stlth+}
 35908 | Depths:2 | Found a sacrificial altar of Ru.
 36195 | Depths:3 | Reached XP level 23. HP: 155/155 MP: 23/23
 36216 | Depths:3 | Found Intyasme's Assorted Antiques.
 36218 | Depths:3 | Found Tuqor's Antique Armour Shoppe.
 36218 | Depths:3 | Found Beci's Magic Scroll Emporium.
 36222 | Depths:3 | Found Joguzaaf's Magic Scroll Emporium.
 36242 | Depths:3 | Bought a scroll of enchant armour for 105 gold pieces
 36248 | Depths:3 | Bought a pair of encrusted gloves for 256 gold pieces
 36248 | Depths:3 | Identified the -5 pair of gloves of Caon {rPois Str+2
                  | Slay+5} (You bought it in a shop on level 3 of the Depths)
 36272 | Depths:3 | Bought a scroll of enchant armour for 142 gold pieces
 36272 | Depths:3 | Bought a scroll of teleportation for 57 gold pieces
 36272 | Depths:3 | Bought a scroll of fog for 38 gold pieces
 36272 | Depths:3 | Bought a scroll of blinking for 142 gold pieces
 36272 | Depths:3 | Bought a scroll of teleportation for 57 gold pieces
 36272 | Depths:3 | Bought a scroll of fear for 66 gold pieces
 36272 | Depths:3 | Bought a scroll of teleportation for 57 gold pieces
 36275 | Depths:3 | Bought 2 scrolls of fear for 98 gold pieces
 36275 | Depths:3 | Bought a scroll of fear for 49 gold pieces
 36798 | Depths:3 | Found Xoecw's Assorted Antiques.
 36806 | Depths:3 | Bought a wand of digging (5) for 240 gold pieces
 36806 | Depths:3 | Bought a potion of curing for 90 gold pieces
 36806 | Depths:3 | Bought a potion of resistance for 300 gold pieces
 36806 | Depths:3 | Bought a potion of heal wounds for 150 gold pieces
 36997 | Depths:3 | Noticed a golden dragon
 37008 | Depths:3 | Killed a golden dragon
 37813 | Depths:4 | Paralysed by a floating eye for 4 turns
 37832 | Depths:4 | Paralysed by a floating eye for 4 turns
 37842 | Depths:4 | Paralysed by a floating eye for 4 turns
 37854 | Depths:4 | Paralysed by a floating eye for 3 turns
 37898 | Depths:4 | Noticed Xtahua
 37913 | Depths:4 | Killed Xtahua
 38189 | Depths:4 | Found a gateway to a ziggurat.
 38261 | Depths:4 | Noticed Jory
 38273 | Depths:4 | Killed Jory
 38274 | Depths:4 | Reached skill level 1 in Dodging
 38675 | Depths:4 | Found Tiuta's Antique Weapon Emporium.
 38770 | Depths:4 | Found a hazy altar of Hepliaklqana.
 38854 | Depths:5 | Entered Level 5 of the Depths
 38910 | Depths:5 | Noticed a juggernaut
 38926 | Depths:5 | Killed a juggernaut
 38927 | Depths:5 | Reached XP level 24. HP: 72/163 MP: 23/23
 39024 | Depths:5 | Found a broken altar of Ashenzari.
 39537 | Depths:5 | Found Fare Tez's Antique Weapon Shop.
 39557 | Depths:5 | Reached skill level 5 in Dodging
 39916 | Depths:5 | Found a gate to the Realm of Zot.
 40273 | Vaults:4 | Reached XP level 25. HP: 168/168 MP: 23/23
 40274 | Vaults:4 | Reached XP level 26. HP: 174/174 MP: 23/23
 40280 | Vaults:5 | Entered Level 5 of the Vaults
 40318 | Vaults:5 | Identified the ring "Deorif" {Will+ rCorr}
 40369 | Vaults:5 | Killed an ancient lich
 40607 | Vaults:5 | Found Tawa's Magic Scroll Emporium.
 40607 | Vaults:5 | Found Patyrymo's Distillery.
 40612 | Vaults:5 | Bought a scroll of enchant armour for 82 gold pieces
 40612 | Vaults:5 | Bought a scroll of enchant armour for 82 gold pieces
 40627 | Vaults:5 | Found Rapped's Magic Scroll Shoppe.
 40631 | Vaults:5 | Bought a scroll of holy word for 105 gold pieces
 40631 | Vaults:5 | Bought a scroll of holy word for 105 gold pieces
 40645 | Vaults:5 | Found Viomm's Magic Scroll Boutique.
 40655 | Vaults:5 | Bought a scroll of acquirement for 676 gold pieces
 40655 | Vaults:5 | Bought a scroll of fear for 45 gold pieces
 40655 | Vaults:5 | Bought a scroll of enchant armour for 97 gold pieces
 40763 | Vaults:5 | Got a silver rune of Zot
 41393 | Vaults:5 | Got the Almanac of Confrontation
 41779 | Zot:1    | Entered Level 1 of the Realm of Zot
 42476 | Zot:1    | Reached XP level 27. HP: 178/179 MP: 23/23
 42491 | Zot:1    | Reached skill level 10 in Dodging
 44043 | Zot:2    | Identified the +1 scale mail of Winter {Str+3}
 44605 | Zot:2    | Acquired 861 gold pieces
 46236 | Zot:3    | Identified the +5 ring mail of Kejoat {SInv}
 47395 | Zot:5    | Entered Level 5 of the Realm of Zot
 48063 | Zot:5    | Noticed an ancient lich
 48090 | Zot:5    | Noticed an ancient lich
 48090 | Zot:5    | Noticed an ancient lich
 48092 | Zot:5    | Noticed an orb of fire
 48095 | Zot:5    | Killed an ancient lich
 48208 | Zot:5    | Noticed an orb of fire
 48209 | Zot:5    | Reached skill level 15 in Dodging
 48209 | Zot:5    | Noticed an ancient lich
 48210 | Zot:5    | Noticed an orb of fire
 48210 | Zot:5    | Noticed an ancient lich
 48210 | Zot:5    | Noticed an ancient lich
 48210 | Zot:5    | Noticed a dread lich
 48215 | Zot:5    | Gained mutation: You tend to lose your temper in combat.
                  | [an orb of fire]
 48215 | Zot:5    | Gained mutation: Your magical capacity is low. (-10% MP)
                  | [an orb of fire]
 48224 | Zot:5    | Gained mutation: You are robust. (+10% HP) [an orb of fire]
 48227 | Zot:5    | Gained mutation: You have a pair of small horns on your
                  | head. [an orb of fire]
 48232 | Zot:5    | Noticed an orb of fire
 48251 | Zot:5    | Killed an ancient lich
 48251 | Zot:5    | Noticed a dread lich
 48258 | Zot:5    | Killed an orb of fire
 48264 | Zot:5    | Gained mutation: You occasionally shout uncontrollably at
                  | your foes. [an orb of fire]
 48265 | Zot:5    | Gained mutation: You are dopey. (Int -2) [an orb of fire]
 48269 | Zot:5    | Killed an orb of fire
 48277 | Zot:5    | Killed a dread lich
 48281 | Zot:5    | Killed an ancient lich
 48311 | Zot:5    | Gained mutation: You frequently scream uncontrollably at
                  | your foes. [an orb of fire]
 48327 | Zot:5    | Killed an orb of fire
 48404 | Zot:5    | Killed an ancient lich
 48412 | Zot:5    | Killed an ancient lich
 48507 | Zot:5    | Killed a dread lich
 48713 | Zot:5    | Lost mutation: Your magical capacity is low. (-10% MP)
                  | [potion of mutation]
 48713 | Zot:5    | Lost mutation: Your spells are a little harder to cast, but
                  | a little more powerful. [potion of mutation]
 48713 | Zot:5    | Gained mutation: You are strong-willed. (Will+) [potion of
                  | mutation]
 48714 | Zot:5    | Lost mutation: You tend to lose your temper in combat.
                  | [potion of mutation]
 48714 | Zot:5    | Lost mutation: You have a pair of small horns on your head.
                  | [potion of mutation]
 48714 | Zot:5    | Lost mutation: You are robust. (+10% HP) [potion of
                  | mutation]
 48714 | Zot:5    | Lost mutation: You are strong-willed. (Will+) [potion of
                  | mutation]
 48715 | Zot:5    | Lost mutation: You have sharp toenails. [potion of
                  | mutation]
 48715 | Zot:5    | Lost mutation: You are dopey. (Int -2) [potion of mutation]
 48715 | Zot:5    | Lost mutation: Your muscles are strong. (Str +2) [potion of
                  | mutation]
 48715 | Zot:5    | Gained mutation: Your spells are a little harder to cast,
                  | but a little more powerful. [potion of mutation]
 48715 | Zot:5    | Gained mutation: You are occasionally teleported next to
                  | monsters. [potion of mutation]
 48715 | Zot:5    | Gained mutation: Armour fits poorly on your strangely
                  | shaped body. [potion of mutation]
 48716 | Zot:5    | Lost mutation: Armour fits poorly on your strangely shaped
                  | body. [potion of mutation]
 48716 | Zot:5    | Lost mutation: Your spells are a little harder to cast, but
                  | a little more powerful. [potion of mutation]
 48716 | Zot:5    | Lost mutation: You are clumsy. (Dex -2) [potion of
                  | mutation]
 48716 | Zot:5    | Gained mutation: You are partially covered in iridescent
                  | scales. (AC +2) [potion of mutation]
 48716 | Zot:5    | Gained mutation: Your natural rate of healing is unusually
                  | fast. [potion of mutation]
 48717 | Zot:5    | Lost mutation: Your natural rate of healing is unusually
                  | fast. [potion of mutation]
 48717 | Zot:5    | Lost mutation: You are partially covered in iridescent
                  | scales. (AC +2) [potion of mutation]
 48717 | Zot:5    | Gained mutation: You are clumsy. (Dex -2) [potion of
                  | mutation]
 48718 | Zot:5    | Lost mutation: You are clumsy. (Dex -2) [potion of
                  | mutation]
 48718 | Zot:5    | Lost mutation: You frequently scream uncontrollably at your
                  | foes. [potion of mutation]
 48718 | Zot:5    | Gained mutation: Your magical capacity is low. (-10% MP)
                  | [potion of mutation]
 48718 | Zot:5    | Gained mutation: Potions are less effective at restoring
                  | your health. [potion of mutation]
 48718 | Zot:5    | Gained mutation: You have a pair of small horns on your
                  | head. [potion of mutation]
 48718 | Zot:5    | Gained mutation: You passively map a small area around you.
                  | [potion of mutation]
 48719 | Zot:5    | Lost mutation: You have a pair of small horns on your head.
                  | [potion of mutation]
 48719 | Zot:5    | Lost mutation: You are occasionally teleported next to
                  | monsters. [potion of mutation]
 48719 | Zot:5    | Lost mutation: Potions are less effective at restoring your
                  | health. [potion of mutation]
 48719 | Zot:5    | Gained mutation: You have a somewhat thin skeletal
                  | structure. (Dex +2, Stealth+) [potion of mutation]
 48719 | Zot:5    | Lost mutation: You occasionally shout uncontrollably at
                  | your foes. [potion of mutation]
 48722 | Zot:5    | Got the Orb of Zot
 49051 | Depths:2 | Noticed Win Ikad the pandemonium lord
 49329 | D:$      | Escaped with the Orb!

Illustrated notes

Levels and vault maps discovered:
D:1:      wander_arrival_estate, layout_rooms,
          hellmonk_ecumenical_altar_watching_god
D:2:      layout_basic, basic_altar, minmay_indecisive_spiral
D:3:      layout_basic, nicolae_qazlal_general_emergency,
          minmay_fractal_squares_5, uniq_robin, uniq_crazy_yiuf_cottage
D:4:      layout_basic, nicolae_elyvilon_temple_path,
          minmay_temple_entry_mini_moons, serial_forest,
          infiniplex_forest_end_1, infiniplex_forest_lined_room_2,
          infiniplex_forest_lined_2, infiniplex_forest_3_way,
          infiniplex_forest_clump_curved, infiniplex_forest_lined_1,
          infiniplex_forest_lined_3, infiniplex_forest_clump_large,
          eino_small_chamber_without_monster, chequers_serial_rivers_small_3,
          chequers_avenue, uniq_sigmund, uniq_pikel, uniq_grinder, uniq_natasha
D:5:      layout_loops_cross
D:6:      layout_basic, tgw_kikubaaqudgha
D:7:      layout_cave_pools, mainiacjoe_overflow_paths,
          chequers_serial_rivers_micro_c, minivault_5,
          kennysheep_generic_room_14
D:8:      layout_basic, mainiacjoe_overflow_chevrons,
          nicolae_ossuary_entry_false_entrances, hangedman_misty_isle,
          uniq_grum, uniq_prince_ribbit1, uniq_gastronok, uniq_joseph
D:9:      layout_small_grid, mainiacjoe_overflow_divided_tiny
D:10:     kb_forest_paths, layout_basic, kennysheep_mini,
          erik_lair_orcish_takeover, lemuel_flame_loot_1
D:11:     regret_index_tunnel_blossom, layout_basic, david_orc_3, serial_shops,
          shop, hangedman_parallel_progression, uniq_fannar
D:12:     layout_cave_pods, portal_ice_cave_entry_pillars_1, uniq_sonja
D:13:     layout_roguey, david_vaults_2
D:14:     layout_loops_corners, chequers_serial_rivers_micro_e
D:15:     grunt_enter_depths_snipers, layout_loops_ring, lightli_wizard_tower
Temple:   eino_temple_lava
Lair:1:   layout_big_grid
Lair:2:   layout_regular_city, nicolae_swamp_entry_splash_gauntlet
Lair:3:   mu_elephants_graveyard, layout_chaotic_city, serial_bayou_shore_a,
          minmay_lair_oklob_chamber
Lair:4:   layout_small_grid, dummy_snake_entry, ebering_ghost_xom,
          lemuel_old_faithful, serial_bayou_shore_b, grunt_megastairs_5
Swamp:1:  layout_falls_marsh, ebering_ghost_rock_garden,
          evilmike_swamp_ruin_wall
Swamp:2:  layout_basic_swamp, serial_swamp_ruin, evilmike_swamp_ruin_house_4,
          evilmike_swamp_ruin_house_5, evilmike_swamp_ruin_rubble_2,
          hangedman_swamp_wriggling, uniq_frances, uniq_kirke
Swamp:3:  layout_falls_marsh, hangedman_swamp_ruin_wall,
          nicolae_swamp_orc_logging_accident
Swamp:4:  byrel_swamp_growth_death_and_undeath, layout_basic_swamp, swamp_pool2
Snake:1:  layout_misc_corridors, basic_altar, nicolae_shop_overcharged_wands,
          uniq_azrael
Snake:2:  layout_cave_shapes, serial_shops, nicolae_shop_behind_doors,
          nicolae_snake_linked_coils, st_stairs_2,
          nicolae_snake_gridmaze_squiggle, minmay_shop_grove
Snake:3:  layout_misc_corridors, special_room, serial_shops, nicolae_shop_trees,
          nicolae_coiled_stairwell_up
Snake:4:  grunt_snake_rune_serpentine_throne, layout_cave_town,
          nicolae_snake_horde_hoard, lemuel_fruit_tree
Orc:1:    layout_caves, serial_shops, shop
Orc:2:    grunt_orc_cross, layout_caves, serial_shops,
          nicolae_shop_overgrown_old_shop, enter_volcano_4
Vaults:1: nicolae_vaults_network_periphery, grunt_vaults_swirl,
          nicolae_vaults_twisting_passages, nicolae_vaults_theta, v_misc_1,
          v_misc_23, nicolae_vaults_three_branches, hangedman_vaults_variations,
          ontoclasm_vaults_decontamination, ontoclasm_vaults_gateway,
          layout_vaults_omnibox
Vaults:2: v_rooms_5, nicolae_vaults_arrows, hangedman_vaults_hat,
          minmay_crypt_entry_vampire_xt, serial_ice_m, grunt_vaults_focal,
          v_misc_27, ontoclasm_vaults_hangar, hangedman_vaults_capsules,
          nicolae_vaults_quartermaster, vaults_dpeg_encased_lava, v_rooms_2,
          layout_vaults_big_cross, serial_shops, shop
Vaults:3: v_misc_5, v_misc_9, nicolae_vaults_little_ls, v_misc_16,
          nicolae_vaults_little_squares_5, vaults_room_grunt_arrival_ludios,
          layout_vaults_quadrants, serial_shops, shop_statue
Vaults:4: ebering_vaults_ghost_gozag, grunt_vaults_funnel,
          nicolae_vaults_inception_scallops, nicolae_vaults_alarming,
          hangedman_vaults_nodes, grunt_vaults_hallway_long, st_cells,
          vaults_mumra_lcd, vaults_mumra_hex, v_misc_3,
          nicolae_vaults_specimen_jars, grunt_vaults_twisty, layout_vaults_ring,
          serial_shops, shop
Vaults:5
Depths:1: layout_roguey, pf_hell_entry_tar_river, marbit_kobold_abyss_entry,
          hangedman_abyss_or_decor_lesser_grid, minmay_curled_crystal,
          fedhas_altar_3
Depths:2: nzn_winding_woodlands_cross [nzn_winding_woodlands_5x15_garden,
          nzn_winding_woodlands_5x15_cabin, nzn_winding_woodlands_5x15_pockets,
          nzn_winding_woodlands_5x15_lazy_stream,
          nzn_winding_woodlands_15x15_boxy_spiral], layout_cross, hellmouth_1,
          nicolae_ru_path_of_blood, grunt_pan_entry_zigzag, water_boxes_lemuel
Depths:3: evilmike_marble_ring, layout_basic, hell_entry, pan_entry,
          serial_shops, nicolae_shop_waterfront, chequers_serial_rivers_large_b,
          infiniplex_staircase_split_hallway, minmay_shoptagon
Depths:4: minmay_the_grid_square_5x5_3x3 [minmay_the_grid_square_5x5_bite,
          minmay_the_grid_square_5x5_broken_cross,
          minmay_the_grid_square_5x5_longway,
          minmay_the_grid_square_5x5_one_wall,
          minmay_the_grid_square_5x5_megaprize_diamond,
          minmay_the_grid_square_5x5_two_walls_b,
          minmay_the_grid_square_5x5_detours,
          minmay_the_grid_square_5x5_checkered_statues,
          minmay_the_grid_square_5x5_three_small], layout_basic,
          enter_ziggurat_b, serial_shops, kennysheep_little_box,
          abyss_entry_crystal, hell_entry, nzn_hepliaklqana_mist_gate,
          hangedman_decor_growths, infiniplex_staircase_zigzag_5, uniq_jory,
          uniq_xtahua, uniq_saint_roka
Depths:5: evilmike_zot_entry_basic, layout_honeycomb, pan_entry, nrook_campfire,
          abyss_entry, grunt_hell_horde, nicolae_ashenzari_skybound,
          minmay_shop_star
Zot:1:    layout_cathedral_of_symmetry
Zot:2:    layout_cathedral_of_symmetry, grunt_ministairs_15
Zot:3:    kennysheep_bubbly, layout_onion
Zot:4:    layout_twisted_circle
Zot:5:    layout_gridlike

Skill      XL: |  1  2  3  4  5  6  7  8  9 10 11 12 13 14 15 16 17 18 19 20 21 22 23 24 25 26 27 |
---------------+----------------------------------------------------------------------------------+-----
Maces & Flails | 3 4 5 6 9 11 13 15 16 17 18 19 20 24 | 24.2
Fighting       | 10 14 18 19 20 | 20.1
Armour         | 11 15 18 19 21 | 21.0
Shields        | 12 16 19 22 24 25 | 25.0
Dodging        | 2 6 9 15 | 15.8

Action                   |  1- 3 |  4- 6 |  7- 9 | 10-12 | 13-15 | 16-18 | 19-21 | 22-24 | 25-27 || total
-------------------------+-------+-------+-------+-------+-------+-------+-------+-------+-------++-------
Melee: Flail             |   110 |   223 |       |       |       |       |       |       |       ||   333
       Eveningstar       |       |       |   123 |   527 |  1105 |  1179 |  1514 |  1093 |  1214 ||  6755
       Whip              |       |       |    56 |       |       |       |       |       |       ||    56
       Kick              |       |       |       |   126 |   378 |   460 |   654 |   502 |   533 ||  2653
       Unarmed           |       |       |       |       |       |     2 |       |       |       ||     2
       Headbutt          |       |       |       |       |       |       |       |       |    21 ||    21
Invok: Call Merchant     |       |       |       |     1 |     1 |       |       |       |       ||     2
       Bribe Branch      |       |       |       |       |       |       |       |     3 |     2 ||     5
Evoke: Wand              |       |       |       |       |     1 |     5 |     1 |       |     2 ||     9
       Phantom mirror    |       |       |       |       |       |     1 |     1 |       |       ||     2
       Condenser vane    |       |       |       |       |       |     1 |     1 |       |       ||     2
  Use: Scroll            |     2 |     4 |     6 |     8 |     9 |    20 |     7 |     4 |    14 ||    74
       Potion            |       |     1 |     4 |    12 |     4 |    13 |     9 |     1 |    26 ||    70
 Stab: Distracted        |       |       |       |     3 |     1 |     7 |     6 |    11 |    11 ||    39
       Invisible         |       |       |       |       |       |     2 |       |       |       ||     2
Armor: Scale mail        |    46 |       |       |       |       |       |       |       |       ||    46
       Ring mail         |    16 |   161 |    86 |    79 |       |       |       |       |       ||   342
       Plate armour      |       |       |       |   285 |   804 |   487 |   415 |   241 |   469 ||  2701
Dodge: Dodged            |    43 |   101 |    54 |   108 |   221 |   161 |   127 |    94 |   230 ||  1139
Block: Kite shield       |    59 |   106 |    68 |   209 |   483 |   539 |       |       |       ||  1464
       Tower shield      |       |       |       |       |       |   348 |  1625 |  1096 |  1526 ||  4595
       Rpst.: Eveningstar |       |       |       |       |       |    23 |    14 |    10 |    24 ||    71
